 Dungeon Crawl Stone Soup version 0.16-a0-326-g6f2d4d4 (webtiles) character file.

25 PolkaDot the Caller (level 2, 0/19 HPs)
             Began as a Vampire Summoner on Sept 3, 2014.
             Succumbed to an adder's poison
             ... on Level 2 of the Dungeon.
             The game lasted 00:02:15 (819 turns).

PolkaDot the Caller (Vampire Summoner)               Turns: 819, Time: 00:02:15

HP   0/19        AC  2     Str  7      XL: 2   Next: 82%
MP   3/5         EV 13     Int 17      God:
Gold 104         SH  0     Dex 14      Spells:  2 memorised,  2 levels left

rFire  . . .     SeeInvis +     d - +0 dagger
rCold  . . .     Clarity  .     a - +0 robe
rNeg   . . .     rCorr    .     (no shield)
rPois  .         rRot     .     (no helmet)
rElec  .         Spirit   .     (no cloak)
SustAb .         Warding  .     (no gloves)
rMut   .         Stasis   .     (no boots)
Gourm  .                        (no amulet)
MR     .....                    (no ring)
                                (no ring)

@: lethally poisoned, regenerating quickly, not resistant to hostile
enchantments, fairly stealthy
A: fangs 3, see invisible, unbreathing
a: no special abilities


You were on level 2 of the Dungeon.
You were very full.

You visited 1 branch of the dungeon, and saw 2 of its levels.

You collected 104 gold pieces.

Inventory:

Hand weapons
 d - a +0 dagger (weapon)
Armour
 a - a +0 robe (worn)
Scrolls
 c - a scroll of random uselessness {unknown}
 f - a scroll of teleportation {unknown}
 g - a scroll of fear {unknown}
Potions
 e - 2 potions of curing {unknown}
 h - a potion of heal wounds {unknown}
Books
 b - a book of Callings

   Spells                             Type                      Level
   *Summon Small Mammal               Summoning                    1
   *Call Imp                          Summoning                    2
   Call Canine Familiar               Summoning                    3
   Summon Guardian Golem              Hexes/Summoning              4
   Summon Lightning Spire             Summoning/Air                4
   Summon Ice Beast                   Ice/Summoning                4


   Skills:
 + Level 2.5 Dodging
 + Level 3.7 Stealth
 + Level 2.4 Spellcasting
 + Level 4.1 Summonings


You had 2 spell levels left.
You knew the following spells:

 Your Spells              Type           Power        Failure   Level  Hunger
a - Summon Small Mammal   Summ           ###.         3%          1    #......
s - Call Imp              Summ           ###.....     6%          2    ##.....


Dungeon Overview and Level Annotations

Branches:
Dungeon (2/15)

Altars:


Innate Abilities, Weirdness & Mutations

Your natural rate of healing is unusually fast.
You have razor-sharp teeth.
You have supernaturally acute eyesight.
You can survive without breathing.


Message History

You feel sick.
Your bat closely misses the adder.
Your bat closely misses the adder.
Your quokka closely misses the adder.
The adder bites you but does no damage. The giant newt barely misses you.
You see here a runed dagger.
* * * LOW HITPOINT WARNING * * *
You feel sick.
Your bat closely misses the adder.
Your quokka closely misses the adder.
* * * LOW HITPOINT WARNING * * *
You feel sick.
Your bat hits the giant newt. Your quokka misses the giant newt.
Your bat barely misses the giant newt.
The adder barely misses you.
Casting: Summon Small Mammal
Confirm with . or Enter, or press ? or * to list all spells.
Your bat hits the giant newt. The adder misses you.
Your quokka bites the adder.
* * * LOW HITPOINT WARNING * * *
You feel sick. Something closely misses your quokka.
You swap places.
Your bat hits the adder.
Your bat completely misses the adder.
Something misses your bat.
You swap places.
You die...

............#
#..........#
#..........#
#..........#
#...>..)...###
#.##..###.lb.# #...
####r# #... #S####
..... #b@..# .#....
####.# ..... #.##
.... #..# .
##.#########
...#######.........#
.........%.........#
#############.<....#
#....####


You could see an adder, a friendly quokka and 2 friendly bats.

Vanquished Creatures
  2 giant geckos (D:1)
  6 goblins
  2 hobgoblins (D:1)
  A ball python (D:1)
  3 bats (D:1)
  A rat (D:1)
15 creatures vanquished.

Vanquished Creatures (collateral kills)
  A worm (D:2)
  A giant cockroach (D:2)
  A kobold (D:1)
3 creatures vanquished.

Vanquished Creatures (others)
  A bat (D:2)
1 creature vanquished.

Grand Total: 19 creatures vanquished

Notes
Turn   | Place    | Note
--------------------------------------------------------------
     0 | D:1      | PolkaDot, the Vampire Summoner, began the quest for the Orb.
     0 | D:1      | Reached XP level 1. HP: 13/13 MP: 3/3
   371 | D:1      | Reached XP level 2. HP: 16/19 MP: 5/5
   440 | D:1      | Learned a level 2 spell: Call Imp
   819 | D:2      | Succumbed to an adder's poison

Action                   || total
-------------------------++-------
Melee: Unarmed           ||    16
       Dagger            ||    49
 Cast: Summon Small Mamm ||     8
  Use: Potion            ||     1
 Stab: Sleeping          ||     6
       Distracted        ||     1
  Eat: Corpse            ||     6
